 Dungeon Crawl Stone Soup version 0.21-a0-351-g38363bb (webtiles) character file.

74 Dfrag the Firebug (level 4, 16/31 HPs)
             Began as a Demonspawn Fire Elementalist on Oct 9, 2017.
             Quit the game on level 2 of the Dungeon.
             The game lasted 00:05:01 (1386 turns).

Dfrag the Firebug (Demonspawn Fire Elementalist)    Turns: 1386, Time: 00:05:01

Health: 16/31      AC:  9    Str:  8    XL:     4   Next: 10%
Magic:  1/7        EV: 12    Int: 18    God:
Gold:   119        SH:  0    Dex: 13    Spells: 7/8 levels left

rFire    + . .     SeeInvis .   (no weapon)
rCold    . . .     Gourm    .   (no shield)
rNeg     . . .     Faith    .   a - +0 robe
rPois    +         Spirit   .   (helmet restricted)
rElec    .         Reflect  .   d - +0 cloak
rCorr    .         Harm     .   (no gloves)
MR       .....                  (no boots)
Stlth    ++........             (no amulet)
HPRegen  0.10/turn              e - ring of protection from fire
MPRegen  0.10/turn              g - ring of poison resistance

@: sanguine armour
A: horns 1, demonic guardian 1, sanguine armour 1
a: no special abilities


You were on level 2 of the Dungeon.
You were not hungry.

You visited 1 branch of the dungeon, and saw 2 of its levels.

You collected 119 gold pieces.

Inventory:

Armour
 a - a +0 robe (worn)
 d - a +0 cloak (worn)
 k - a +0 helmet
Jewellery
 e - a ring of protection from fire (left hand)
 g - a ring of poison resistance (right hand)
Wands
 q - a wand of confusion (22/48)
Scrolls
 f - 3 scrolls of identify {unknown}
 h - a scroll of enchant weapon {unknown}
 j - 2 scrolls of recharging {unknown}
Potions
 i - a potion of resistance {unknown}
 m - 2 potions of mutation {unknown}
 n - a potion of heal wounds {unknown}
 o - a potion of curing {unknown}
Books
 b - a book of Flames

   Spells                             Type                      Level
   a - Flame Tongue                   Conjuration/Fire             1
   b - Throw Flame                    Conjuration/Fire             2
   c - Conjure Flame                  Conjuration/Fire             3
   d - Inner Flame                    Hexes/Fire                   3
   e - Sticky Flame                   Conjuration/Fire             4
   f - Fireball                       Conjuration/Fire             5
 p - a book of Minor Magic

   Spells                             Type                      Level
   a - Magic Dart                     Conjuration                  1
   b - Blink                          Translocation                2
   c - Call Imp                       Summoning                    2
   d - Slow                           Hexes                        2
   e - Conjure Flame                  Conjuration/Fire             3
   f - Mephitic Cloud                 Conjuration/Poison/Air       3
Comestibles
 c - 2 bread rations
 l - a meat ration
 r - a chunk of flesh
 s - a royal jelly


   Skills:
 + Level 0.5 Fighting
 + Level 2.0 Dodging
 + Level 2.2 Stealth
 + Level 0.6 Unarmed Combat
 + Level 2.5 Spellcasting
 + Level 1.4 Conjurations
 + Level 3.4 Fire Magic


You had 7 spell levels left.
You knew the following spells:

 Your Spells              Type           Power        Failure   Level  Hunger
a - Flame Tongue          Conj/Fire      ##...        6%          1    #......


Dungeon Overview and Level Annotations

Branches:
Dungeon (2/15)

Altars:
Gozag
Nemelex Xobeh

Shops:
D:2 *


Innate Abilities, Weirdness & Mutations

You have a pair of small horns on your head.
A weak demonic guardian rushes to your aid.
When seriously injured, your bleeding wounds create armour. (AC +6)


Message History

The flame tongue hits the adder.
You kill the adder!
You have reached level 4!
You feel clever.
Your demonic ancestry asserts itself...
You feel your blood ready itself to protect you.
Your blood congeals into armour.
Casting: Flame Tongue
Confirm with . or Enter, or press ? or * to list all spells.
Aiming: Flame Tongue
Press: ? - help, Shift-Dir - straight line, f - giant cockroach
Aim: a giant cockroach The flame tongue hits the giant cockroach.
You kill the giant cockroach!
Casting: Flame Tongue
Confirm with . or Enter, or press ? or * to list all spells.
You can't see any susceptible monsters within range! (Use Z to cast anyway.) Unknown command.
Okay, then.
Unknown command.
Are you sure you want to abandon this character and quit the game? (Confirm with "yes".)

#.........#####.#####
######...## #......
##...######......
#....≈≈≈≈≈≈≈.....
#.≈≈≈≈.....≈.....
##.≈....⌠.⌠.≈.....
#...._...∩..≈.....
#..≈....⌠.⌠.≈....#
#@†≈≈≈≈.....≈....#
#........≈≈≈≈≈≈≈....#
#..........#######.....#
#......#.### #.....#
#.....##+# #...(.#
#.(... ####### ###...
#...


There were no monsters in sight!

Vanquished Creatures
  A gnoll (D:1)
  2 adders (D:2)
  2 dart slugs (D:1)
  7 bats
  4 giant cockroaches
  2 goblins (D:2)
  2 hobgoblins
  6 jackals (D:2)
  A quokka (D:2)
  4 frilled lizards
  4 kobolds (D:1)
  12 rats
47 creatures vanquished.

Notes
Turn   | Place    | Note
-------+----------+-------------------------------------------
     0 | D:1      | Dfrag the Demonspawn Fire Elementalist began the quest for the Orb.
     0 | D:1      | Reached XP level 1. HP: 13/13 MP: 3/3
   158 | D:1      | Reached skill level 3 in Fire Magic
   158 | D:1      | Gained mutation: A weak demonic guardian rushes to your aid. [demonic ancestry]
   158 | D:1      | Reached XP level 2. HP: 13/19 MP: 0/5
   660 | D:1      | Gained mutation: You have a pair of small horns on your head. [demonic ancestry]
   660 | D:1      | Reached XP level 3. HP: 14/24 MP: 1/6
   911 | D:2      | Found a sparkling altar of Nemelex Xobeh.
  1138 | D:2      | Found Gozag's Platinum Reserve.
  1351 | D:2      | Found an opulent altar of Gozag.
  1384 | D:2      | Gained mutation: When seriously injured, your bleeding wounds create armour. (AC +6) [demonic ancestry]
  1384 | D:2      | Reached XP level 4. HP: 16/31 MP: 2/7
  1386 | D:2      | Quit the game

Vault maps used:
D:1:      giann_bridges
D:2:      nicolae_gozag_zags_fifth_avenue, nicolae_overflow_crystal_walls,
          uniq_sigmund

Skill      XL: |  1  2  3 |
---------------+----------+-----
Stealth        | 2 |  2.2
Fire Magic     | 3 |  3.4
Dodging        | 2 |  2.0
Fighting       | |  0.5
Unarmed Combat | |  0.6
Spellcasting   | |  2.5
Conjurations   | |  1.4

Action                   |  1- 3 |  4- 6 || total
-------------------------+-------+-------++-------
Melee: Unarmed           |    59 |       ||    59
       Headbutt          |     5 |       ||     5
 Cast: Flame Tongue      |    67 |     2 ||    69
  Eat: Chunk             |     2 |       ||     2
Armor: Robe              |    30 |       ||    30
Dodge: Dodged            |    79 |       ||    79

Table legend:
 A = Spawn XP
 B = Non-spawn XP
 C = Spawn XP percentage of total XP
 D = Spawn monster count
 E = Non-spawn monster count
 F = Spawn count percentage of total count
 G = Total turns spent on level
                    A         B        C        D         E        F      G
               +---------+---------+-------+---------+---------+-------+---------
         Total |       0 |     107 |   0.0 |       0 |      47 |   0.0 |  1386
               +---------+---------+-------+---------+---------+-------+---------
           D:1 |       0 |      43 |   0.0 |       0 |      20 |   0.0 |   804
           D:2 |       0 |      64 |   0.0 |       0 |      27 |   0.0 |   582
               +---------+---------+-------+---------+---------+-------+---------
